[ AOE2 MATCH · #472575994 ]
UnrankedFranks vs Bohemians
[ REPLAY ANALYSIS · EXTRACTED FROM THE RECORDED GAME ]
Feudal
12:06
Castle
21:03
Imperial
37:49
| APM avg | 16.2 |
| APM peak | 52 |
| eAPM avg | 14.0 |
| Villagers / military | 84 / 269 |
Focus
⚔️ 50.8% · 🌾 49.2%
Throwing Axeman ×82 · Knight ×81 · Scout Cavalry ×62 · Trade Cart ×21 · Mangonel ×18 · Militia ×6
Feudal
12:43
Castle
21:13
Imperial
36:17
| APM avg | 16.7 |
| APM peak | 47 |
| eAPM avg | 11.8 |
| Villagers / military | 112 / 185 |
Focus
⚔️ 42.8% · 🌾 57.2%
Spearman ×90 · Hussite Wagon ×68 · Bombard Cannon ×26 · Trade Cart ×16 · Monk ×1
Feudal
15:17
Castle
21:31
Imperial
30:27
| APM avg | 14.4 |
| APM peak | 54 |
| eAPM avg | 13.4 |
| Villagers / military | 91 / 354 |
Focus
⚔️ 57.5% · 🌾 42.5%
Archer ×173 · Knight ×135 · War Elephant ×40 · Trade Cart ×33 · Trebuchet (Packed) ×6
Feudal
11:39
Castle
17:39
Imperial
42:16
| APM avg | 29.3 |
| APM peak | 85 |
| eAPM avg | 20.7 |
| Villagers / military | 159 / 195 |
Focus
⚔️ 33.3% · 🌾 66.7%
Spearman ×135 · Leitis ×27 · Battering Ram ×12 · Knight ×8 · Monk ×6 · Hand Cannoneer ×3
Feudal
12:38
Castle
16:13
Imperial
32:01
| APM avg | 53.4 |
| APM peak | 94 |
| eAPM avg | 33.8 |
| Villagers / military | 128 / 368 |
Focus
⚔️ 33.9% · 🌾 66.1%
Scout Cavalry ×273 · Shrivamsha Rider ×43 · Trade Cart ×29 · Chakram Thrower ×23 · Trebuchet (Packed) ×13 · Bombard Cannon ×12
Feudal
—
Castle
—
Imperial
—
| APM avg | 15.4 |
| APM peak | 42 |
| eAPM avg | 14.7 |
| Villagers / military | 132 / 164 |
Focus
⚔️ 33.1% · 🌾 66.9%
Spearman ×97 · Trade Cart ×26 · Mangonel ×25 · Woad Raider ×23 · Archer ×10 · Fishing Ship ×9
Feudal
13:00
Castle
25:06
Imperial
35:23
| APM avg | 11.1 |
| APM peak | 54 |
| eAPM avg | 10.4 |
| Villagers / military | 94 / 431 |
Focus
⚔️ 39.8% · 🌾 60.2%
Spearman ×288 · Skirmisher ×136 · Trade Cart ×15 · Fishing Ship ×9 · Trebuchet (Packed) ×5 · Monk ×1
Feudal
12:13
Castle
19:03
Imperial
36:05
| APM avg | 8.9 |
| APM peak | 24 |
| eAPM avg | 8.4 |
| Villagers / military | 133 / 118 |
Focus
⚔️ 31.0% · 🌾 69.0%
War Elephant ×118 · Trade Cart ×12
Match map
Initial resources + every placement click. Lines = walls · curves = elevation contours. ◆ gold · ⬟ stone · ● berries · ✦ relic · ◌ wall gap
Your base· ✓ Closed at 21:03 · 9t walls · no gate
Dostoyevski's base· ✓ Closed at 21:13 · 13t walls · no gate
herbert.franzelin's base· ✓ Closed at 21:31 · 0t walls · no gate
makeit's base· ✓ Closed at 17:39 · 17t walls · 1 gate(s)
max50202's base· ✓ Closed at 16:13 · 25t walls · 2 gate(s)
ColonelPacha's base· ✓ Closed at 22:51 · 16t walls · 2 gate(s)
thesuq's base· ✓ Closed at 25:06 · 11t walls · 1 gate(s)
sheng.an.max's base· ✓ Closed at 19:03 · 0t walls · no gate
Smoothed initial terrain · ◌ = detected wall gap · hover for details
Inputs per minute
— Capri297 - - Dostoyevski
Build order — Capri297
First 150 of 526 actions detected
| 0:03 | Create | Villager (Male) |
| 0:03 | Create | Villager (Male) |
| 0:03 | Create | Villager (Male) |
| 0:06 | Build | House |
| 0:07 | Build | House |
| 0:09 | Create | Villager (Male) |
| 0:09 | Create | Villager (Male) |
| 1:00 | Build | Palisade Wall |
| 2:33 | Create | Villager (Male) |
| 2:42 | Create | Villager (Male) |
| 3:00 | Build | Mill |
| 3:03 | Create | Villager (Male) |
| 3:37 | Create | Villager (Male) |
| 3:55 | Create | Villager (Male) |
| 4:16 | Build | House |
| 4:20 | Create | Villager (Male) |
| 5:00 | Create | Villager (Male) |
| 5:46 | Create | Villager (Male) |
| 5:47 | Create | Villager (Male) |
| 6:13 | Build | Lumber Camp |
| 6:19 | Create | Villager (Male) |
| 6:20 | Create | Villager (Male) |
| 6:26 | Build | House |
| 6:32 | Create | Villager (Male) |
| 7:10 | Create | Villager (Male) |
| 7:38 | Create | Villager (Male) |
| 7:38 | Create | Villager (Male) |
| 8:26 | Create | Villager (Male) |
| 8:35 | Build | House |
| 9:02 | Create | Villager (Male) |
| 9:37 | Build | Farm |
| 9:43 | Build | Farm |
| 9:47 | Build | Farm |
| 9:56 | Research | Feudal Age |
| 10:00 | Build | Farm |
| 10:05 | Build | Farm |
| 10:44 | Build | Mill |
| 11:08 | Build | House |
| 11:56 | Build | Mining Camp |
| 12:01 | Create | Villager (Male) |
| 12:06 | Age | Feudal Age |
| 12:16 | Build | Lumber Camp |
| 12:23 | Create | Villager (Male) |
| 12:52 | Build | Farm |
| 12:56 | Create | Villager (Male) |
| 12:56 | Create | Villager (Male) |
| 12:59 | Create | Villager (Male) |
| 13:36 | Build | Barracks |
| 14:08 | Create | Villager (Male) |
| 14:15 | Build | Farm |
| 14:18 | Build | Farm |
| 14:22 | Create | Villager (Male) |
| 15:21 | Build | Market |
| 15:34 | Create | Villager (Male) |
| 15:36 | Research | Wheelbarrow |
| 15:44 | Research | Double-Bit Axe |
| 15:49 | Build | Farm |
| 16:08 | Build | House |
| 16:13 | Build | Farm |
| 16:20 | Build | Farm |
| 16:23 | Create | Villager (Male) |
| 17:24 | Create | Villager (Male) |
| 17:49 | Build | Blacksmith |
| 18:04 | Create | Villager (Male) |
| 18:04 | Create | Villager (Male) |
| 18:14 | Build | Mining Camp |
| 18:22 | Research | Castle Age |
| 18:27 | Create | Villager (Male) |
| 18:43 | Build | Blacksmith |
| 18:46 | Create | Militia |
| 18:46 | Create | Militia |
| 18:47 | Create | Militia |
| 18:47 | Create | Militia |
| 18:47 | Create | Militia |
| 18:47 | Create | Militia |
| 18:51 | Research | Man-at-Arms (upgrade) |
| 19:00 | Build | Lumber Camp |
| 19:24 | Create | Trade Cart |
| 19:28 | Create | Trade Cart |
| 19:54 | Build | House |
| 19:56 | Build | House |
| 20:22 | Research | Forging |
| 20:39 | Create | Trade Cart |
| 21:03 | Age | Castle Age |
| 21:22 | Build | Town Center |
| 21:27 | Research | Gold Mining |
| 21:29 | Research | Stone Mining |
| 21:32 | Create | Villager (Male) |
| 21:32 | Create | Villager (Male) |
| 21:39 | Research | Long Swordsman (upgrade) |
| 22:03 | Build | Farm |
| 22:06 | Create | Villager (Male) |
| 22:26 | Create | Villager (Male) |
| 23:06 | Create | Villager (Male) |
| 23:06 | Create | Villager (Male) |
| 23:10 | Create | Villager (Male) |
| 23:10 | Create | Villager (Male) |
| 23:13 | Create | Villager (Male) |
| 23:30 | Build | Stable |
| 23:35 | Build | Stable |
| 23:38 | Build | Stable |
| 23:42 | Research | Gambesons |
| 23:47 | Create | Trade Cart |
| 24:04 | Build | Monastery |
| 24:10 | Create | Villager (Male) |
| 24:20 | Create | Villager (Male) |
| 24:20 | Create | Villager (Male) |
| 24:21 | Create | Villager (Male) |
| 24:24 | Build | Farm |
| 24:39 | Create | Trade Cart |
| 24:48 | Create | Monk |
| 25:03 | Build | Lumber Camp |
| 25:04 | Research | Bow Saw |
| 25:13 | Build | House |
| 25:14 | Build | House |
| 25:15 | Build | House |
| 25:28 | Research | Husbandry |
| 25:36 | Build | Stable |
| 25:52 | Create | Monk |
| 25:59 | Create | Villager (Male) |
| 25:59 | Create | Villager (Male) |
| 26:04 | Build | Farm |
| 26:12 | Research | Scale Barding Armor |
| 26:19 | Build | Farm |
| 26:23 | Build | Farm |
| 26:48 | Create | Trade Cart |
| 27:04 | Build | Farm |
| 27:37 | Build | Archery Range |
| 27:52 | Research | Light Cavalry (upgrade) |
| 27:56 | Research | Hand Cart |
| 28:00 | Create | Villager (Male) |
| 28:00 | Create | Villager (Male) |
| 28:00 | Create | Villager (Male) |
| 28:12 | Build | Castle |
| 28:26 | Build | Lumber Camp |
| 28:29 | Create | Villager (Male) |
| 28:30 | Create | Villager (Male) |
| 28:46 | Create | Trade Cart |
| 28:56 | Build | Archery Range |
| 29:08 | Create | Trade Cart |
| 29:18 | Research | Chain Barding Armor |
| 29:34 | Research | Scale Mail Armor |
| 29:42 | Build | Farm |
| 29:44 | Build | Farm |
| 29:51 | Build | Mill |
| 29:53 | Build | Farm |
| 30:14 | Create | Villager (Male) |
| 30:15 | Create | Villager (Male) |
| 30:15 | Create | Villager (Male) |
| 30:18 | Build | Farm |
Build order — Dostoyevski
First 150 of 464 actions detected
| 0:16 | Build | House |
| 0:33 | Create | Villager (Male) |
| 0:34 | Research | Loom |
| 0:35 | Create | Villager (Male) |
| 0:36 | Create | Villager (Male) |
| 0:36 | Create | Villager (Male) |
| 0:37 | Create | Villager (Male) |
| 1:18 | Build | House |
| 1:20 | Build | House |
| 1:21 | Build | House |
| 2:07 | Create | Villager (Male) |
| 2:08 | Create | Villager (Male) |
| 2:18 | Build | Mining Camp |
| 2:22 | Create | Villager (Male) |
| 3:08 | Create | Villager (Male) |
| 3:08 | Create | Villager (Male) |
| 3:37 | Create | Villager (Male) |
| 3:38 | Create | Villager (Male) |
| 4:02 | Create | Villager (Male) |
| 4:20 | Create | Villager (Male) |
| 4:25 | Build | House |
| 4:27 | Build | House |
| 4:53 | Create | Villager (Male) |
| 5:21 | Create | Villager (Male) |
| 5:22 | Create | Villager (Male) |
| 5:22 | Create | Villager (Male) |
| 6:54 | Create | Villager (Male) |
| 6:54 | Create | Villager (Male) |
| 7:04 | Build | Lumber Camp |
| 7:19 | Create | Villager (Male) |
| 7:20 | Create | Villager (Male) |
| 9:43 | Create | Villager (Male) |
| 9:43 | Create | Villager (Male) |
| 9:51 | Research | Feudal Age |
| 10:21 | Build | Mill |
| 10:53 | Build | Mill |
| 11:29 | Create | Villager (Male) |
| 11:31 | Create | Villager (Male) |
| 11:35 | Create | Villager (Male) |
| 11:36 | Create | Villager (Male) |
| 11:48 | Build | Mining Camp |
| 12:43 | Age | Feudal Age |
| 13:06 | Build | Market |
| 13:24 | Create | Villager (Male) |
| 13:44 | Build | Lumber Camp |
| 14:32 | Build | House |
| 14:33 | Build | House |
| 14:39 | Build | House |
| 14:41 | Build | House |
| 14:43 | Build | House |
| 14:58 | Create | Villager (Male) |
| 14:58 | Create | Villager (Male) |
| 15:07 | Create | Villager (Male) |
| 15:08 | Research | Town Watch |
| 15:12 | Research | Wheelbarrow |
| 16:36 | Build | Blacksmith |
| 16:52 | Research | Double-Bit Axe |
| 16:55 | Research | Horse Collar |
| 17:17 | Build | Farm |
| 17:19 | Build | Farm |
| 17:20 | Build | Farm |
| 17:22 | Build | Farm |
| 17:28 | Build | Farm |
| 17:30 | Build | Farm |
| 17:32 | Build | Farm |
| 17:36 | Build | Farm |
| 17:45 | Build | Farm |
| 18:33 | Research | Castle Age |
| 19:44 | Build | Farm |
| 19:46 | Build | Farm |
| 19:50 | Research | Fletching |
| 20:53 | Create | Villager (Male) |
| 20:53 | Create | Villager (Male) |
| 21:08 | Build | Stone Wall |
| 21:13 | Age | Castle Age |
| 21:15 | Build | Gate |
| 21:23 | Create | Villager (Male) |
| 21:24 | Research | Hand Cart |
| 21:34 | Build | Town Center |
| 21:57 | Build | Town Center |
| 22:06 | Build | Farm |
| 22:17 | Build | Town Center |
| 22:22 | Create | Villager (Male) |
| 22:54 | Build | Mining Camp |
| 22:59 | Create | Villager (Male) |
| 22:59 | Create | Villager (Male) |
| 23:00 | Create | Villager (Male) |
| 23:05 | Create | Villager (Male) |
| 23:06 | Create | Villager (Male) |
| 23:10 | Create | Villager (Male) |
| 23:10 | Create | Villager (Male) |
| 23:36 | Create | Villager (Male) |
| 23:45 | Create | Villager (Male) |
| 23:49 | Create | Villager (Male) |
| 23:53 | Build | Farm |
| 23:58 | Build | Farm |
| 23:59 | Create | Villager (Male) |
| 24:05 | Create | Villager (Male) |
| 24:18 | Build | Castle |
| 24:24 | Build | Siege Workshop |
| 24:39 | Build | University |
| 24:45 | Build | Farm |
| 24:50 | Create | Villager (Male) |
| 24:50 | Create | Villager (Male) |
| 24:59 | Create | Villager (Male) |
| 24:59 | Create | Villager (Male) |
| 25:02 | Create | Villager (Male) |
| 25:03 | Create | Villager (Male) |
| 25:08 | Build | Farm |
| 25:44 | Build | Farm |
| 25:48 | Create | Villager (Male) |
| 25:48 | Create | Villager (Male) |
| 25:52 | Build | Farm |
| 25:54 | Create | Villager (Male) |
| 25:57 | Build | Farm |
| 25:58 | Create | Villager (Male) |
| 25:59 | Create | Villager (Male) |
| 26:03 | Create | Villager (Male) |
| 26:04 | Create | Villager (Male) |
| 26:14 | Build | Town Center |
| 26:30 | Create | Villager (Male) |
| 26:31 | Create | Villager (Male) |
| 26:36 | Build | Farm |
| 26:39 | Build | Farm |
| 26:41 | Create | Villager (Male) |
| 26:42 | Create | Villager (Male) |
| 26:46 | Build | Farm |
| 26:56 | Create | Trade Cart |
| 26:57 | Create | Trade Cart |
| 27:05 | Build | House |
| 27:06 | Build | House |
| 27:09 | Build | House |
| 27:10 | Build | House |
| 27:11 | Build | House |
| 27:16 | Build | House |
| 27:18 | Build | House |
| 27:19 | Build | House |
| 27:21 | Build | House |
| 27:24 | Build | House |
| 27:25 | Build | House |
| 27:27 | Build | House |
| 27:28 | Build | House |
| 27:30 | Build | House |
| 27:38 | Build | Farm |
| 27:40 | Build | Farm |
| 27:44 | Create | Villager (Male) |
| 27:45 | Create | Villager (Male) |
| 27:45 | Create | Villager (Male) |
| 27:47 | Create | Villager (Male) |
| 27:47 | Create | Villager (Male) |
Build order — herbert.franzelin
First 150 of 635 actions detected
| 0:09 | Build | House |
| 0:11 | Build | House |
| 0:16 | Build | Mill |
| 0:31 | Research | Loom |
| 0:31 | Create | Villager (Male) |
| 0:31 | Create | Villager (Male) |
| 0:32 | Create | Villager (Male) |
| 0:32 | Create | Villager (Male) |
| 0:32 | Create | Villager (Male) |
| 0:32 | Create | Villager (Male) |
| 2:15 | Create | Villager (Male) |
| 2:15 | Create | Villager (Male) |
| 2:46 | Build | Mill |
| 2:56 | Create | Villager (Male) |
| 2:57 | Create | Villager (Male) |
| 3:07 | Create | Villager (Male) |
| 4:01 | Create | Villager (Male) |
| 4:01 | Create | Villager (Male) |
| 4:01 | Create | Villager (Male) |
| 4:30 | Create | Villager (Male) |
| 4:30 | Create | Villager (Male) |
| 4:35 | Build | House |
| 4:43 | Create | Villager (Male) |
| 4:43 | Create | Villager (Male) |
| 5:20 | Build | House |
| 5:31 | Create | Villager (Male) |
| 5:31 | Create | Villager (Male) |
| 5:35 | Create | Villager (Male) |
| 6:15 | Build | House |
| 6:17 | Build | House |
| 6:34 | Create | Villager (Male) |
| 6:34 | Create | Villager (Male) |
| 6:36 | Create | Villager (Male) |
| 7:39 | Create | Villager (Male) |
| 7:39 | Create | Villager (Male) |
| 7:40 | Create | Villager (Male) |
| 7:51 | Build | Lumber Camp |
| 8:17 | Create | Villager (Male) |
| 8:17 | Create | Villager (Male) |
| 8:18 | Create | Villager (Male) |
| 8:18 | Create | Villager (Male) |
| 8:19 | Create | Villager (Male) |
| 8:34 | Create | Villager (Male) |
| 9:27 | Build | Mining Camp |
| 9:46 | Build | Mining Camp |
| 10:23 | Create | Villager (Male) |
| 10:23 | Create | Villager (Male) |
| 10:25 | Create | Villager (Male) |
| 10:27 | Create | Villager (Male) |
| 10:45 | Build | Farm |
| 10:49 | Build | Farm |
| 10:52 | Build | Farm |
| 11:34 | Build | Farm |
| 11:38 | Build | Farm |
| 11:42 | Build | Farm |
| 11:46 | Build | Farm |
| 11:57 | Build | Farm |
| 12:03 | Build | House |
| 12:04 | Build | House |
| 12:12 | Research | Feudal Age |
| 12:42 | Build | House |
| 12:45 | Build | House |
| 12:47 | Build | House |
| 12:49 | Build | House |
| 12:53 | Build | House |
| 13:27 | Build | Farm |
| 13:30 | Build | Farm |
| 13:41 | Build | Farm |
| 15:17 | Age | Feudal Age |
| 15:18 | Research | Wheelbarrow |
| 15:20 | Research | Town Watch |
| 15:22 | Create | Villager (Male) |
| 15:22 | Create | Villager (Male) |
| 15:22 | Create | Villager (Male) |
| 15:23 | Create | Villager (Male) |
| 15:29 | Research | Horse Collar |
| 15:32 | Research | Double-Bit Axe |
| 15:36 | Research | Gold Mining |
| 15:40 | Research | Stone Mining |
| 15:56 | Build | Barracks |
| 16:33 | Build | Blacksmith |
| 16:44 | Create | Villager (Male) |
| 16:44 | Create | Villager (Male) |
| 17:14 | Build | Farm |
| 17:33 | Build | Market |
| 17:51 | Build | Farm |
| 18:43 | Build | Stable |
| 18:45 | Build | Stable |
| 18:57 | Research | Castle Age |
| 19:27 | Build | Market |
| 21:31 | Age | Castle Age |
| 21:37 | Build | Town Center |
| 21:42 | Research | Hand Cart |
| 21:43 | Research | Town Patrol |
| 21:49 | Research | Bow Saw |
| 22:01 | Build | Farm |
| 22:14 | Build | Castle |
| 22:30 | Research | Heavy Plow |
| 22:35 | Create | Villager (Male) |
| 22:35 | Create | Villager (Male) |
| 22:35 | Create | Villager (Male) |
| 22:36 | Create | Villager (Male) |
| 23:03 | Research | Gold Shaft Mining |
| 23:10 | Research | Stone Shaft Mining |
| 23:17 | Create | Villager (Male) |
| 23:42 | Create | Villager (Male) |
| 23:49 | Build | Farm |
| 23:54 | Build | Farm |
| 24:10 | Create | Villager (Male) |
| 24:10 | Create | Villager (Male) |
| 24:14 | Create | Villager (Male) |
| 24:14 | Create | Villager (Male) |
| 24:15 | Create | Villager (Male) |
| 24:21 | Build | Farm |
| 24:25 | Build | Farm |
| 24:31 | Build | Farm |
| 24:39 | Build | Farm |
| 24:46 | Build | Farm |
| 24:50 | Build | Farm |
| 25:02 | Create | Villager (Male) |
| 25:02 | Create | Villager (Male) |
| 25:03 | Create | Villager (Male) |
| 25:07 | Create | Villager (Male) |
| 25:08 | Create | Villager (Male) |
| 25:15 | Build | Farm |
| 25:30 | Create | Trade Cart |
| 25:30 | Create | Trade Cart |
| 25:30 | Create | Trade Cart |
| 25:31 | Create | Trade Cart |
| 25:31 | Create | Trade Cart |
| 25:31 | Create | Trade Cart |
| 26:00 | Build | Lumber Camp |
| 26:17 | Build | Farm |
| 26:20 | Build | Farm |
| 26:25 | Build | Farm |
| 26:34 | Create | Villager (Male) |
| 26:35 | Create | Villager (Male) |
| 26:35 | Create | Villager (Male) |
| 26:40 | Create | Trade Cart |
| 26:40 | Create | Trade Cart |
| 26:41 | Create | Trade Cart |
| 26:41 | Create | Trade Cart |
| 27:15 | Build | Castle |
| 27:22 | Build | Stable |
| 27:24 | Build | Stable |
| 27:41 | Research | Imperial Age |
| 27:46 | Create | Villager (Male) |
| 27:46 | Create | Villager (Male) |
| 27:47 | Create | Villager (Male) |
| 27:47 | Create | Villager (Male) |
Build order — makeit
First 150 of 521 actions detected
| 0:13 | Build | House |
| 0:15 | Build | House |
| 0:59 | Create | Villager (Male) |
| 0:59 | Create | Villager (Male) |
| 1:00 | Create | Villager (Male) |
| 1:00 | Create | Villager (Male) |
| 1:00 | Create | Villager (Male) |
| 1:01 | Create | Villager (Male) |
| 1:02 | Research | Loom |
| 1:40 | Build | Palisade Wall |
| 2:12 | Create | Villager (Male) |
| 3:10 | Create | Villager (Male) |
| 3:38 | Build | House |
| 3:39 | Build | House |
| 3:47 | Create | Villager (Male) |
| 3:47 | Create | Villager (Male) |
| 5:05 | Create | Villager (Male) |
| 5:06 | Create | Villager (Male) |
| 5:06 | Create | Villager (Male) |
| 5:11 | Build | Mill |
| 5:50 | Create | Villager (Male) |
| 6:06 | Build | Lumber Camp |
| 6:29 | Create | Villager (Male) |
| 6:29 | Create | Villager (Male) |
| 6:29 | Create | Villager (Male) |
| 8:23 | Build | Mill |
| 8:39 | Create | Villager (Male) |
| 8:47 | Research | Loom |
| 9:23 | Research | Feudal Age |
| 11:36 | Create | Villager (Male) |
| 11:36 | Create | Villager (Male) |
| 11:36 | Create | Villager (Male) |
| 11:39 | Age | Feudal Age |
| 11:44 | Build | House |
| 11:45 | Build | House |
| 11:47 | Build | House |
| 11:54 | Build | Market |
| 11:58 | Build | Blacksmith |
| 12:08 | Build | Mining Camp |
| 12:12 | Create | Villager (Male) |
| 13:02 | Create | Villager (Male) |
| 13:41 | Create | Villager (Male) |
| 13:58 | Create | Villager (Male) |
| 14:08 | Build | Barracks |
| 14:30 | Create | Villager (Male) |
| 14:58 | Research | Castle Age |
| 15:19 | Research | Double-Bit Axe |
| 15:25 | Research | Horse Collar |
| 15:36 | Build | Stone Wall |
| 15:47 | Build | Gate |
| 15:51 | Create | Villager (Male) |
| 15:56 | Research | Gold Mining |
| 16:10 | Build | Mining Camp |
| 16:41 | Build | Farm |
| 16:42 | Build | Farm |
| 17:04 | Research | Stone Mining |
| 17:08 | Build | Farm |
| 17:24 | Build | Farm |
| 17:39 | Age | Castle Age |
| 17:54 | Build | Farm |
| 17:55 | Create | Villager (Male) |
| 18:00 | Create | Villager (Male) |
| 18:26 | Build | Farm |
| 18:32 | Create | Villager (Male) |
| 18:49 | Build | Farm |
| 19:03 | Build | Monastery |
| 19:12 | Create | Villager (Male) |
| 19:15 | Build | Farm |
| 19:35 | Create | Villager (Male) |
| 19:45 | Build | Farm |
| 19:46 | Create | Monk |
| 19:47 | Create | Monk |
| 20:20 | Create | Spearman |
| 20:20 | Create | Spearman |
| 20:21 | Create | Spearman |
| 20:21 | Create | Spearman |
| 20:30 | Build | Farm |
| 20:36 | Create | Villager (Male) |
| 20:46 | Create | Villager (Male) |
| 21:11 | Build | House |
| 21:12 | Build | House |
| 21:14 | Build | House |
| 21:19 | Build | Farm |
| 24:19 | Build | Castle |
| 24:22 | Create | Villager (Male) |
| 24:22 | Create | Villager (Male) |
| 24:22 | Create | Villager (Male) |
| 24:23 | Create | Villager (Male) |
| 24:23 | Create | Villager (Male) |
| 24:29 | Build | Town Center |
| 24:34 | Create | Villager (Male) |
| 24:34 | Create | Villager (Male) |
| 24:34 | Create | Villager (Male) |
| 25:13 | Create | Villager (Male) |
| 25:13 | Create | Villager (Male) |
| 25:13 | Create | Villager (Male) |
| 25:14 | Create | Villager (Male) |
| 25:25 | Build | Farm |
| 25:35 | Research | Heavy Plow |
| 25:37 | Research | Bow Saw |
| 25:54 | Build | Town Center |
| 26:23 | Create | Villager (Male) |
| 26:23 | Create | Villager (Male) |
| 26:24 | Create | Villager (Male) |
| 26:24 | Create | Villager (Male) |
| 26:24 | Create | Villager (Male) |
| 26:31 | Research | Pikeman (upgrade) |
| 26:42 | Build | Siege Workshop |
| 26:49 | Create | Villager (Male) |
| 26:50 | Create | Villager (Male) |
| 26:51 | Create | Villager (Male) |
| 26:51 | Create | Villager (Male) |
| 26:52 | Create | Villager (Male) |
| 27:02 | Create | Leitis |
| 27:14 | Create | Villager (Male) |
| 27:20 | Build | Farm |
| 27:21 | Build | Farm |
| 27:21 | Build | Farm |
| 27:23 | Build | Farm |
| 27:25 | Build | Farm |
| 27:27 | Build | Farm |
| 27:43 | Create | Villager (Male) |
| 27:44 | Create | Villager (Male) |
| 27:54 | Create | Leitis |
| 28:01 | Create | Mangonel |
| 28:12 | Create | Villager (Male) |
| 28:20 | Create | Mangonel |
| 29:06 | Create | Villager (Male) |
| 29:10 | Create | Villager (Male) |
| 29:10 | Create | Villager (Male) |
| 29:17 | Build | Town Center |
| 29:39 | Create | Villager (Male) |
| 29:43 | Create | Villager (Male) |
| 29:43 | Create | Villager (Male) |
| 30:18 | Create | Battering Ram |
| 30:21 | Create | Villager (Male) |
| 30:33 | Create | Battering Ram |
| 30:33 | Create | Battering Ram |
| 30:33 | Create | Battering Ram |
| 30:36 | Create | Villager (Male) |
| 30:37 | Create | Villager (Male) |
| 30:37 | Create | Villager (Male) |
| 30:40 | Create | Villager (Male) |
| 30:40 | Create | Villager (Male) |
| 30:43 | Build | Farm |
| 30:48 | Build | Farm |
| 31:10 | Create | Battering Ram |
| 31:13 | Create | Villager (Male) |
| 31:13 | Create | Villager (Male) |
| 31:14 | Create | Villager (Male) |
Build order — max50202
First 150 of 557 actions detected
| 0:03 | Build | House |
| 0:04 | Build | House |
| 0:04 | Create | Villager (Male) |
| 0:05 | Create | Villager (Male) |
| 0:05 | Create | Villager (Male) |
| 0:05 | Create | Villager (Male) |
| 0:06 | Create | Villager (Male) |
| 1:45 | Create | Villager (Male) |
| 2:17 | Create | Villager (Male) |
| 2:17 | Create | Villager (Male) |
| 3:04 | Create | Villager (Male) |
| 3:04 | Create | Villager (Male) |
| 3:31 | Create | Villager (Male) |
| 3:34 | Build | Mill |
| 3:37 | Create | Villager (Male) |
| 4:04 | Build | House |
| 4:06 | Build | House |
| 4:19 | Create | Villager (Male) |
| 5:48 | Create | Villager (Male) |
| 5:49 | Create | Villager (Male) |
| 5:49 | Create | Villager (Male) |
| 6:11 | Create | Villager (Male) |
| 6:12 | Create | Villager (Male) |
| 6:48 | Create | Villager (Male) |
| 7:03 | Create | Villager (Male) |
| 7:46 | Build | Lumber Camp |
| 7:48 | Create | Villager (Male) |
| 8:28 | Create | Villager (Male) |
| 8:33 | Build | Mining Camp |
| 8:55 | Create | Villager (Male) |
| 9:08 | Create | Villager (Male) |
| 9:14 | Build | Farm |
| 9:36 | Create | Villager (Male) |
| 10:28 | Research | Feudal Age |
| 10:42 | Build | Palisade Wall |
| 10:58 | Build | House |
| 11:04 | Create | Villager (Male) |
| 12:05 | Build | Palisade Wall |
| 12:28 | Build | Palisade Gate |
| 12:32 | Build | Palisade Wall |
| 12:38 | Age | Feudal Age |
| 12:40 | Build | Market |
| 12:45 | Build | Blacksmith |
| 12:46 | Create | Villager (Male) |
| 12:48 | Build | Farm |
| 13:33 | Research | Castle Age |
| 13:33 | Research | Castle Age |
| 13:33 | Research | Castle Age |
| 13:45 | Build | Lumber Camp |
| 14:11 | Build | Stone Wall |
| 14:24 | Create | Villager (Male) |
| 14:24 | Create | Villager (Male) |
| 14:38 | Research | Double-Bit Axe |
| 14:40 | Research | Horse Collar |
| 14:40 | Research | Horse Collar |
| 15:09 | Build | Gate |
| 16:13 | Age | Castle Age |
| 16:16 | Build | Town Center |
| 16:26 | Build | Monastery |
| 16:30 | Create | Villager (Male) |
| 16:48 | Build | House |
| 17:04 | Research | Bow Saw |
| 17:05 | Research | Heavy Plow |
| 17:05 | Research | Heavy Plow |
| 17:14 | Build | Farm |
| 17:17 | Create | Monk |
| 17:24 | Build | House |
| 17:32 | Create | Villager (Male) |
| 17:32 | Create | Villager (Male) |
| 17:34 | Build | Farm |
| 17:44 | Create | Villager (Male) |
| 18:06 | Build | Farm |
| 18:06 | Build | Farm |
| 18:11 | Build | Farm |
| 18:14 | Build | Farm |
| 18:16 | Create | Villager (Male) |
| 18:16 | Create | Villager (Male) |
| 18:37 | Create | Villager (Male) |
| 18:37 | Create | Villager (Male) |
| 18:37 | Create | Villager (Male) |
| 18:46 | Build | Farm |
| 18:47 | Build | Farm |
| 18:47 | Build | Farm |
| 18:47 | Build | Farm |
| 18:48 | Build | Farm |
| 18:56 | Create | Trade Cart |
| 18:57 | Create | Trade Cart |
| 18:57 | Create | Trade Cart |
| 19:15 | Build | Farm |
| 19:19 | Create | Villager (Male) |
| 19:20 | Create | Villager (Male) |
| 19:26 | Build | Farm |
| 19:28 | Create | Villager (Male) |
| 19:33 | Create | Monk |
| 20:04 | Create | Villager (Male) |
| 20:04 | Create | Villager (Male) |
| 20:21 | Build | Farm |
| 20:21 | Build | Farm |
| 20:21 | Build | Farm |
| 20:22 | Build | Farm |
| 20:22 | Build | Farm |
| 20:28 | Create | Villager (Male) |
| 20:29 | Create | Villager (Male) |
| 20:29 | Research | Wheelbarrow |
| 20:29 | Create | Villager (Male) |
| 20:29 | Create | Villager (Male) |
| 20:37 | Build | House |
| 20:38 | Build | House |
| 20:43 | Research | Wheelbarrow |
| 20:43 | Research | Wheelbarrow |
| 20:52 | Build | House |
| 21:00 | Build | House |
| 21:01 | Build | House |
| 21:02 | Build | House |
| 21:08 | Research | Loom |
| 21:23 | Create | Trade Cart |
| 21:23 | Create | Trade Cart |
| 21:25 | Create | Villager (Male) |
| 21:25 | Create | Villager (Male) |
| 21:46 | Create | Villager (Male) |
| 21:46 | Create | Villager (Male) |
| 21:46 | Create | Villager (Male) |
| 21:50 | Build | Farm |
| 21:50 | Build | Farm |
| 21:56 | Create | Villager (Male) |
| 22:01 | Build | House |
| 22:04 | Create | Villager (Male) |
| 22:10 | Create | Villager (Male) |
| 22:14 | Build | Town Center |
| 22:18 | Create | Villager (Male) |
| 22:33 | Create | Monk |
| 22:40 | Research | Stone Mining |
| 22:42 | Create | Villager (Male) |
| 22:42 | Create | Villager (Male) |
| 22:42 | Create | Villager (Male) |
| 22:42 | Create | Villager (Male) |
| 22:51 | Create | Villager (Male) |
| 22:51 | Create | Villager (Male) |
| 23:03 | Create | Trade Cart |
| 23:07 | Create | Villager (Male) |
| 23:17 | Create | Villager (Male) |
| 23:18 | Create | Villager (Male) |
| 23:21 | Build | House |
| 23:22 | Build | House |
| 23:23 | Build | House |
| 23:29 | Build | House |
| 23:38 | Create | Trade Cart |
| 23:38 | Create | Trade Cart |
| 24:00 | Research | Fervor |
| 24:01 | Create | Villager (Male) |
Build order — ColonelPacha
First 150 of 501 actions detected
| 0:17 | Research | Loom |
| 0:18 | Create | Villager (Male) |
| 0:19 | Create | Villager (Male) |
| 0:19 | Create | Villager (Male) |
| 0:19 | Create | Villager (Male) |
| 0:40 | Build | House |
| 1:12 | Build | Palisade Wall |
| 1:20 | Build | Palisade Gate |
| 2:01 | Build | House |
| 2:19 | Create | Villager (Male) |
| 2:19 | Create | Villager (Male) |
| 2:34 | Build | Lumber Camp |
| 2:59 | Create | Villager (Male) |
| 3:34 | Create | Villager (Male) |
| 3:34 | Create | Villager (Male) |
| 3:59 | Create | Villager (Male) |
| 3:59 | Create | Villager (Male) |
| 4:16 | Create | Villager (Male) |
| 4:45 | Create | Villager (Male) |
| 5:05 | Create | Villager (Male) |
| 5:05 | Create | Villager (Male) |
| 5:22 | Create | Villager (Male) |
| 5:23 | Create | Villager (Male) |
| 5:23 | Create | Villager (Male) |
| 5:28 | Build | House |
| 5:52 | Build | Mill |
| 6:14 | Create | Villager (Male) |
| 6:15 | Create | Villager (Male) |
| 6:37 | Create | Villager (Male) |
| 6:53 | Create | Villager (Male) |
| 6:53 | Create | Villager (Male) |
| 7:28 | Create | Villager (Male) |
| 7:40 | Build | House |
| 8:41 | Create | Villager (Male) |
| 8:42 | Create | Villager (Male) |
| 9:14 | Build | House |
| 9:20 | Create | Villager (Male) |
| 9:20 | Create | Villager (Male) |
| 9:48 | Build | Barracks |
| 10:06 | Research | Feudal Age |
| 10:22 | Build | Mill |
| 10:55 | Build | Mining Camp |
| 11:18 | Create | Villager (Male) |
| 11:18 | Create | Villager (Male) |
| 11:18 | Create | Villager (Male) |
| 12:36 | Research | Double-Bit Axe |
| 12:38 | Research | Horse Collar |
| 12:56 | Build | Watch Tower |
| 13:15 | Create | Villager (Male) |
| 14:07 | Build | Lumber Camp |
| 14:23 | Build | Mining Camp |
| 14:30 | Build | House |
| 14:38 | Build | Stone Wall |
| 14:44 | Build | Gate |
| 14:48 | Create | Villager (Male) |
| 14:48 | Create | Villager (Male) |
| 14:48 | Create | Villager (Male) |
| 14:57 | Research | Stone Mining |
| 15:02 | Research | Gold Mining |
| 15:08 | Build | House |
| 15:24 | Build | Dock |
| 15:27 | Create | Villager (Male) |
| 15:27 | Create | Villager (Male) |
| 15:41 | Build | House |
| 15:46 | Build | Farm |
| 16:12 | Build | Farm |
| 16:17 | Build | Farm |
| 16:21 | Create | Villager (Male) |
| 16:30 | Build | House |
| 16:38 | Build | Stone Wall |
| 16:43 | Build | Farm |
| 16:49 | Research | Tech 906 |
| 16:50 | Create | Fishing Ship |
| 16:50 | Create | Fishing Ship |
| 17:00 | Build | Farm |
| 17:05 | Create | Villager (Male) |
| 17:05 | Create | Villager (Male) |
| 17:14 | Build | House |
| 17:26 | Build | Farm |
| 17:44 | Build | Archery Range |
| 17:53 | Build | House |
| 17:58 | Build | Farm |
| 18:01 | Create | Villager (Male) |
| 18:02 | Create | Villager (Male) |
| 18:07 | Create | Fishing Ship |
| 18:07 | Create | Fishing Ship |
| 18:07 | Create | Fishing Ship |
| 18:16 | Build | Farm |
| 18:37 | Build | Market |
| 18:45 | Build | Farm |
| 18:50 | Create | Villager (Male) |
| 18:50 | Create | Villager (Male) |
| 18:56 | Build | Farm |
| 19:04 | Create | Archer |
| 19:05 | Create | Archer |
| 19:05 | Create | Archer |
| 19:05 | Create | Archer |
| 19:25 | Create | Fishing Ship |
| 19:37 | Build | Farm |
| 19:42 | Create | Villager (Male) |
| 19:46 | Create | Fishing Ship |
| 19:58 | Create | Villager (Male) |
| 20:07 | Build | Farm |
| 20:13 | Create | Villager (Male) |
| 20:31 | Build | Farm |
| 20:34 | Create | Fishing Ship |
| 20:52 | Build | Blacksmith |
| 20:57 | Build | Farm |
| 21:10 | Create | Trade Cart |
| 21:10 | Create | Trade Cart |
| 21:11 | Create | Trade Cart |
| 21:11 | Create | Villager (Male) |
| 21:12 | Create | Villager (Male) |
| 21:12 | Create | Villager (Male) |
| 21:25 | Create | Villager (Male) |
| 21:41 | Build | Lumber Camp |
| 21:47 | Build | Farm |
| 21:57 | Create | Fishing Ship |
| 22:15 | Build | Farm |
| 22:19 | Research | Fletching |
| 22:39 | Build | House |
| 22:47 | Build | Farm |
| 22:51 | Research | Castle Age |
| 23:00 | Build | Fish Trap |
| 23:05 | Build | Fish Trap |
| 23:11 | Build | Farm |
| 23:24 | Create | Archer |
| 23:34 | Build | House |
| 23:41 | Create | Trade Cart |
| 23:41 | Create | Trade Cart |
| 23:41 | Create | Trade Cart |
| 24:20 | Build | House |
| 24:25 | Build | Fish Trap |
| 24:30 | Build | Fish Trap |
| 24:34 | Build | Fish Trap |
| 24:39 | Build | Fish Trap |
| 24:43 | Build | Fish Trap |
| 24:50 | Create | Trade Cart |
| 24:51 | Create | Villager (Male) |
| 24:51 | Create | Villager (Male) |
| 25:12 | Build | House |
| 25:36 | Research | Bow Saw |
| 25:38 | Research | Heavy Plow |
| 25:41 | Research | Gold Shaft Mining |
| 25:42 | Research | Stone Shaft Mining |
| 25:43 | Research | Bodkin Arrow |
| 25:47 | Research | Caravan |
| 26:02 | Build | Castle |
| 26:13 | Build | Monastery |
| 26:19 | Build | House |
Build order — thesuq
First 150 of 467 actions detected
| 0:02 | Research | Loom |
| 0:03 | Create | Villager (Male) |
| 0:03 | Create | Villager (Male) |
| 0:03 | Create | Villager (Male) |
| 0:04 | Create | Villager (Male) |
| 0:05 | Build | House |
| 0:58 | Build | Palisade Wall |
| 1:59 | Build | House |
| 2:02 | Build | House |
| 2:20 | Build | Lumber Camp |
| 2:24 | Create | Villager (Male) |
| 2:24 | Create | Villager (Male) |
| 3:06 | Create | Villager (Male) |
| 3:06 | Create | Villager (Male) |
| 3:29 | Build | House |
| 3:38 | Create | Villager (Male) |
| 3:39 | Create | Villager (Male) |
| 4:09 | Create | Villager (Male) |
| 4:34 | Create | Villager (Male) |
| 4:46 | Create | Villager (Male) |
| 5:01 | Create | Villager (Male) |
| 5:33 | Create | Villager (Male) |
| 5:33 | Create | Villager (Male) |
| 5:45 | Create | Villager (Male) |
| 6:22 | Build | Mill |
| 6:27 | Create | Villager (Male) |
| 6:28 | Create | Villager (Male) |
| 6:37 | Build | House |
| 6:42 | Build | House |
| 6:56 | Create | Villager (Male) |
| 6:57 | Create | Villager (Male) |
| 7:23 | Build | Mill |
| 7:30 | Create | Villager (Male) |
| 8:08 | Create | Villager (Male) |
| 8:31 | Create | Villager (Male) |
| 9:06 | Create | Villager (Male) |
| 9:09 | Create | Villager (Male) |
| 9:15 | Create | Villager (Male) |
| 9:56 | Build | Farm |
| 10:03 | Build | Farm |
| 10:08 | Create | Villager (Male) |
| 10:33 | Research | Feudal Age |
| 10:38 | Build | Farm |
| 11:05 | Build | Mining Camp |
| 11:15 | Build | House |
| 12:27 | Build | Lumber Camp |
| 12:52 | Create | Villager (Male) |
| 12:52 | Create | Villager (Male) |
| 12:53 | Create | Villager (Male) |
| 13:00 | Age | Feudal Age |
| 13:04 | Build | House |
| 13:24 | Research | Double-Bit Axe |
| 13:27 | Research | Horse Collar |
| 13:32 | Build | Farm |
| 13:37 | Build | Farm |
| 13:40 | Create | Villager (Male) |
| 13:48 | Create | Villager (Male) |
| 13:55 | Build | Farm |
| 14:10 | Create | Villager (Male) |
| 14:17 | Research | Gold Mining |
| 14:21 | Build | Farm |
| 14:35 | Build | Palisade Gate |
| 14:44 | Build | House |
| 14:46 | Build | House |
| 14:47 | Build | House |
| 14:48 | Build | House |
| 14:50 | Build | House |
| 14:56 | Build | Farm |
| 15:10 | Build | Farm |
| 15:22 | Create | Villager (Male) |
| 15:45 | Create | Villager (Male) |
| 15:49 | Build | Farm |
| 16:05 | Build | Market |
| 16:12 | Build | Dock |
| 16:20 | Create | Villager (Male) |
| 16:26 | Build | Farm |
| 16:41 | Create | Villager (Male) |
| 16:41 | Create | Villager (Male) |
| 16:45 | Research | Wheelbarrow |
| 17:20 | Build | House |
| 17:22 | Build | House |
| 17:23 | Build | House |
| 17:25 | Build | House |
| 17:26 | Build | House |
| 17:33 | Create | Demolition Raft |
| 17:37 | Create | Fishing Ship |
| 17:38 | Create | Fishing Ship |
| 17:39 | Create | Fishing Ship |
| 17:41 | Create | Fishing Ship |
| 18:10 | Build | Lumber Camp |
| 18:14 | Create | Villager (Male) |
| 18:14 | Create | Villager (Male) |
| 18:47 | Build | Fish Trap |
| 18:59 | Research | Tech 906 |
| 19:06 | Create | Villager (Male) |
| 19:06 | Create | Villager (Male) |
| 19:19 | Build | Fish Trap |
| 19:44 | Build | Fish Trap |
| 19:54 | Create | Villager (Male) |
| 19:55 | Create | Villager (Male) |
| 20:01 | Create | Fishing Ship |
| 20:01 | Create | Fishing Ship |
| 20:31 | Build | Fish Trap |
| 20:45 | Create | Villager (Male) |
| 20:46 | Create | Villager (Male) |
| 20:59 | Build | Mining Camp |
| 21:02 | Create | Villager (Male) |
| 21:03 | Create | Villager (Male) |
| 21:25 | Build | Blacksmith |
| 21:35 | Build | Fish Trap |
| 21:43 | Research | Stone Mining |
| 21:48 | Build | Farm |
| 22:11 | Create | Trade Cart |
| 22:11 | Create | Trade Cart |
| 22:13 | Create | Trade Cart |
| 22:14 | Create | Trade Cart |
| 22:15 | Create | Trade Cart |
| 22:17 | Create | Trade Cart |
| 22:18 | Create | Trade Cart |
| 22:22 | Research | Castle Age |
| 23:02 | Build | Barracks |
| 23:09 | Research | Fletching |
| 23:15 | Research | Tech 906 |
| 23:39 | Build | Farm |
| 23:41 | Build | Farm |
| 23:50 | Create | Villager (Male) |
| 23:50 | Create | Villager (Male) |
| 23:55 | Research | Padded Archer Armor |
| 24:33 | Build | Archery Range |
| 24:38 | Build | Archery Range |
| 24:40 | Build | Archery Range |
| 24:44 | Build | Archery Range |
| 24:46 | Build | Archery Range |
| 24:49 | Build | Archery Range |
| 24:54 | Create | Villager (Male) |
| 24:54 | Create | Villager (Male) |
| 25:06 | Age | Castle Age |
| 25:14 | Build | Town Center |
| 25:30 | Research | Bow Saw |
| 25:36 | Research | Heavy Plow |
| 25:49 | Build | Town Center |
| 26:04 | Research | Hand Cart |
| 26:06 | Create | Villager (Male) |
| 26:06 | Create | Villager (Male) |
| 26:06 | Create | Villager (Male) |
| 26:06 | Create | Villager (Male) |
| 26:22 | Build | Lumber Camp |
| 26:30 | Research | Gillnets |
| 26:35 | Build | Fish Trap |
| 26:46 | Create | Villager (Male) |
Build order — sheng.an.max
First 150 of 421 actions detected
| 0:07 | Research | Loom |
| 0:08 | Create | Villager (Male) |
| 0:08 | Create | Villager (Male) |
| 0:08 | Create | Villager (Male) |
| 0:08 | Create | Villager (Male) |
| 0:09 | Create | Villager (Male) |
| 0:09 | Create | Villager (Male) |
| 0:24 | Build | House |
| 1:28 | Build | House |
| 2:13 | Build | House |
| 2:37 | Create | Villager (Male) |
| 2:37 | Create | Villager (Male) |
| 2:51 | Build | House |
| 3:11 | Create | Villager (Male) |
| 3:11 | Create | Villager (Male) |
| 3:11 | Create | Villager (Male) |
| 3:46 | Build | House |
| 3:55 | Create | Villager (Male) |
| 3:55 | Create | Villager (Male) |
| 3:56 | Create | Villager (Male) |
| 4:36 | Create | Villager (Male) |
| 4:36 | Create | Villager (Male) |
| 4:57 | Build | Mill |
| 5:04 | Create | Villager (Male) |
| 5:04 | Create | Villager (Male) |
| 5:42 | Create | Villager (Male) |
| 5:42 | Create | Villager (Male) |
| 5:57 | Create | Villager (Male) |
| 5:57 | Create | Villager (Male) |
| 6:36 | Create | Villager (Male) |
| 6:36 | Create | Villager (Male) |
| 6:36 | Create | Villager (Male) |
| 6:36 | Create | Villager (Male) |
| 7:16 | Build | Lumber Camp |
| 7:27 | Build | Mining Camp |
| 8:38 | Build | House |
| 8:47 | Create | Villager (Male) |
| 9:19 | Build | Mining Camp |
| 9:40 | Build | House |
| 10:09 | Research | Feudal Age |
| 10:11 | Create | Villager (Male) |
| 10:11 | Create | Villager (Male) |
| 10:11 | Create | Villager (Male) |
| 10:22 | Build | House |
| 10:44 | Create | Villager (Male) |
| 10:45 | Create | Villager (Male) |
| 11:08 | Create | Villager (Male) |
| 11:09 | Create | Villager (Male) |
| 12:13 | Age | Feudal Age |
| 12:49 | Build | Mill |
| 13:04 | Build | Market |
| 13:30 | Build | Blacksmith |
| 13:41 | Build | Farm |
| 13:53 | Build | Farm |
| 13:56 | Create | Villager (Male) |
| 14:59 | Create | Villager (Male) |
| 15:34 | Build | Farm |
| 15:39 | Build | Farm |
| 16:02 | Build | Barracks |
| 16:38 | Research | Castle Age |
| 16:38 | Research | Castle Age |
| 16:49 | Build | Farm |
| 17:08 | Build | Stable |
| 17:18 | Create | Villager (Male) |
| 17:18 | Create | Villager (Male) |
| 17:18 | Create | Villager (Male) |
| 17:19 | Create | Villager (Male) |
| 18:27 | Create | Villager (Male) |
| 18:28 | Create | Villager (Male) |
| 18:28 | Create | Villager (Male) |
| 18:28 | Create | Villager (Male) |
| 18:29 | Create | Villager (Male) |
| 18:29 | Create | Villager (Male) |
| 18:29 | Create | Villager (Male) |
| 18:29 | Create | Villager (Male) |
| 18:37 | Build | Farm |
| 18:42 | Build | Farm |
| 19:03 | Age | Castle Age |
| 19:04 | Create | Villager (Male) |
| 19:04 | Create | Villager (Male) |
| 19:04 | Create | Villager (Male) |
| 19:35 | Build | Town Center |
| 20:42 | Create | Villager (Male) |
| 20:43 | Create | Villager (Male) |
| 20:43 | Create | Villager (Male) |
| 20:43 | Create | Villager (Male) |
| 20:43 | Create | Villager (Male) |
| 20:44 | Create | Villager (Male) |
| 20:59 | Build | Farm |
| 21:22 | Build | Farm |
| 21:36 | Create | Villager (Male) |
| 21:36 | Create | Villager (Male) |
| 21:37 | Create | Villager (Male) |
| 21:43 | Build | Farm |
| 21:58 | Research | Town Watch |
| 22:07 | Build | Farm |
| 22:17 | Create | Villager (Male) |
| 22:29 | Build | Farm |
| 22:33 | Create | Villager (Male) |
| 22:34 | Create | Villager (Male) |
| 22:34 | Create | Villager (Male) |
| 22:34 | Create | Villager (Male) |
| 22:58 | Build | Farm |
| 23:11 | Build | House |
| 23:41 | Build | Farm |
| 23:45 | Create | Villager (Male) |
| 23:46 | Create | Villager (Male) |
| 23:46 | Create | Villager (Male) |
| 23:46 | Create | Villager (Male) |
| 23:47 | Create | Villager (Male) |
| 23:47 | Create | Villager (Male) |
| 23:47 | Create | Villager (Male) |
| 23:54 | Build | Farm |
| 23:57 | Create | Villager (Male) |
| 23:57 | Create | Villager (Male) |
| 23:58 | Create | Villager (Male) |
| 24:13 | Build | Farm |
| 24:18 | Build | Farm |
| 24:23 | Build | House |
| 24:38 | Build | Farm |
| 24:46 | Build | Farm |
| 24:51 | Create | Villager (Male) |
| 24:52 | Create | Villager (Male) |
| 24:52 | Create | Villager (Male) |
| 24:52 | Create | Villager (Male) |
| 24:56 | Create | Villager (Male) |
| 24:57 | Create | Villager (Male) |
| 24:57 | Create | Villager (Male) |
| 24:57 | Create | Villager (Male) |
| 24:58 | Create | Villager (Male) |
| 25:06 | Build | Farm |
| 25:13 | Build | Farm |
| 25:20 | Build | Farm |
| 25:25 | Build | Farm |
| 25:37 | Build | House |
| 25:46 | Build | Farm |
| 25:53 | Build | Farm |
| 26:16 | Build | House |
| 26:33 | Create | Trade Cart |
| 26:33 | Create | Trade Cart |
| 26:41 | Create | Villager (Male) |
| 26:41 | Create | Villager (Male) |
| 26:42 | Create | Villager (Male) |
| 26:46 | Create | Villager (Male) |
| 26:46 | Create | Villager (Male) |
| 26:46 | Create | Villager (Male) |
| 26:47 | Create | Villager (Male) |
| 26:47 | Create | Villager (Male) |
| 26:53 | Build | Farm |
| 27:00 | Build | Farm |
Match timeline
| 0:58 | thesuq · wall_segment Palisade Wall x11 |
| 1:00 | Capri297 · wall_segment Palisade Wall x9 |
| 1:12 | ColonelPacha · wall_segment Palisade Wall x5 |
| 1:40 | makeit · wall_segment Palisade Wall x9 |
| 9:48 | ColonelPacha · first_building Barracks |
| 10:42 | max50202 · wall_segment Palisade Wall x3 |
| 11:39 | makeit · age_up feudal |
| 12:05 | max50202 · wall_segment Palisade Wall x5 |
| 12:06 | Capri297 · age_up feudal |
| 12:13 | sheng.an.max · age_up feudal |
| 12:32 | max50202 · wall_segment Palisade Wall x1 |
| 12:38 | max50202 · age_up feudal |
| 12:43 | Dostoyevski · age_up feudal |
| 13:00 | thesuq · age_up feudal |
| 13:36 | Capri297 · first_building Barracks |
| 14:08 | makeit · first_building Barracks |
| 14:11 | max50202 · wall_segment Stone Wall x16 |
| 14:38 | ColonelPacha · wall_segment Stone Wall x6 |
| 15:17 | herbert.franzelin · age_up feudal |
| 15:24 | ColonelPacha · first_building Dock |
| 15:36 | makeit · wall_segment Stone Wall x8 |
| 15:56 | herbert.franzelin · first_building Barracks |
| 16:02 | sheng.an.max · first_building Barracks |
| 16:12 | thesuq · first_building Dock |
| 16:13 | max50202 · age_up castle |
| 16:26 | max50202 · first_building Monastery |
| 16:38 | ColonelPacha · wall_segment Stone Wall x5 |
| 17:00 | makeit · first_market_buy 100 wood |
| 17:08 | sheng.an.max · first_building Stable |
| 17:39 | makeit · age_up castle |
| 17:44 | ColonelPacha · first_building Archery Range |
| 18:43 | herbert.franzelin · first_building Stable |
| 19:03 | makeit · first_building Monastery |
| 19:03 | sheng.an.max · age_up castle |
| 21:03 | Capri297 · age_up castle |
| 21:08 | Dostoyevski · wall_segment Stone Wall x13 |
| 21:13 | Dostoyevski · age_up castle |
| 21:31 | herbert.franzelin · age_up castle |
| 21:43 | max50202 · first_market_sell 100 wood |
| 22:06 | max50202 · first_market_buy 100 stone |
| 22:14 | herbert.franzelin · first_building Castle |
| 23:02 | thesuq · first_building Barracks |
| 23:30 | Capri297 · first_building Stable |
| 24:04 | Capri297 · first_building Monastery |
| 24:18 | Dostoyevski · first_building Castle |
| 24:19 | makeit · first_building Castle |
| 24:24 | Dostoyevski · first_building Siege Workshop |
| 24:33 | thesuq · first_building Archery Range |
| 24:39 | max50202 · first_building Barracks |
| 24:45 | max50202 · first_building Siege Workshop |
| 25:06 | thesuq · age_up castle |
| 26:02 | ColonelPacha · first_building Castle |
| 26:13 | ColonelPacha · first_building Monastery |
| 26:42 | makeit · first_building Siege Workshop |
| 27:20 | ColonelPacha · first_building Siege Workshop |
| 27:37 | Capri297 · first_building Archery Range |
| 27:37 | thesuq · first_building Castle |
| 27:58 | Dostoyevski · first_building Monastery |
| 28:12 | Capri297 · first_building Castle |
| 28:32 | max50202 · first_building Castle |
| 29:50 | sheng.an.max · first_building Castle |
| 29:57 | thesuq · first_building Monastery |
| 30:27 | herbert.franzelin · age_up imperial |
| 30:42 | max50202 · first_building Stable |
| 30:45 | Capri297 · wall_segment Stone Wall x10 |
| 31:02 | sheng.an.max · first_building Monastery |
| 31:37 | max50202 · wall_segment Stone Wall x5 |
| 32:01 | max50202 · age_up imperial |
| 32:03 | Capri297 · first_building Siege Workshop |
| 33:09 | herbert.franzelin · first_building Archery Range |
| 35:23 | thesuq · age_up imperial |
| 36:05 | sheng.an.max · age_up imperial |
| 36:17 | Dostoyevski · age_up imperial |
| 36:19 | thesuq · first_market_sell 500 wood |
| 37:26 | Dostoyevski · first_building Barracks |
| 37:49 | Capri297 · age_up imperial |
| 38:49 | Capri297 · first_market_buy 100 food |
| 41:19 | makeit · wall_segment Stone Wall x8 |
| 41:26 | makeit · wall_segment Stone Wall x10 |
| 42:16 | makeit · age_up imperial |
| 42:19 | thesuq · tribute_sent a jugador 1 |
| 42:19 | thesuq · tribute_sent a jugador 2 |
| 42:19 | thesuq · tribute_sent a jugador 3 |
| 42:19 | thesuq · tribute_sent a jugador 4 |
| 42:19 | thesuq · tribute_sent a jugador 5 |
| 42:19 | thesuq · tribute_sent a jugador 6 |
| 42:19 | thesuq · tribute_sent a jugador 8 |
| 44:16 | thesuq · tribute_sent a jugador 1 |
| 44:16 | thesuq · tribute_sent a jugador 2 |
| 44:16 | thesuq · tribute_sent a jugador 3 |
| 44:16 | thesuq · tribute_sent a jugador 4 |
| 44:16 | thesuq · tribute_sent a jugador 5 |
| 44:16 | thesuq · tribute_sent a jugador 6 |
| 44:16 | thesuq · tribute_sent a jugador 8 |
| 47:09 | makeit · first_building Stable |
| 47:30 | makeit · first_building Archery Range |
| 48:53 | ColonelPacha · first_market_buy 100 food |
| 49:49 | makeit · first_market_sell 100 wood |
| 51:16 | thesuq · wall_segment Stone Wall x5 |
| 52:02 | makeit · wall_segment Stone Wall x17 |
| 52:55 | thesuq · wall_segment Stone Wall x7 |
| 53:07 | ColonelPacha · first_market_sell 100 wood |
| 54:59 | makeit · resign |
[ AI ANALYSIS · 1 CREDIT ]
What really happened in this match?
Wolo.gg analyzes every decision: build order, eco, micro, common mistakes by bracket. Personalized analysis on WhatsApp or Discord in 30 seconds.
Civ guide
Franks
Perfil
Jugador #23215595